Unix NetHack Version 5.0.0-0 post-release - last build Jun 10 2026 00:39:30 (3ee93aec679c4c4259841fe613dc97188e26a321,branch:main).

Game began 2026-06-14 20:25:00, ended 2026-06-14 21:18:31.

ARFwashere, neutral male human Archeologist

                  ---         -
                  ..------   ..--
                  -..--..---....|  ------
                 --.............---.....|                     .|
                 |......[...............|                 |.--.|
                 |.....)..............---                 |.-|.------
                 --...................|                   |..|......-- -.
                  |...-#..O...........#           ---     |...<----..--..|
                   ...#|-.O-##......).|#        ---...   --....|  --....-
                     . -.@-| ---......| #    ----....-   |.....-   |...--
                      ....G--- --.|.---  #   |..^.|[-|   |.....    --...
                       ......--------    -#---.-###..-----....      --..
                        ......|*---      |*.)..#  --.)........
                         .........---  ---....--   -----.....
                          ..........----....---        |....
                            ..........*).----          ---.
                             -.......-----
                                 -----

ARFwashere the Investigator  St:12 Dx:10 Co:15 In:16 Wi:14 Ch:13  Neutral
Dlvl:7  $:491 HP:0(48) Pw:35(35) AC:-5 Xp:7 T:5839  Burdened

Latest messages:
 You have a little trouble lifting V - an uncursed sky blue potion (2 in total).
 What do you want to drink? [uyDPV or ?*] V
 You sense the presence of monsters.
 (For instructions type a '?')
 Done.
 You hit the ogre.
 The ogre swings his club.
 The ogre misses!
 The large dog bites the ogre.
 The ogre swings his club at the large dog.
 The ogre hits the large dog.
 The large dog bites the ogre.
 The ogre swings his club at the large dog.
 The ogre hits the large dog.
 The large dog is killed!
 You miss the ogre.
 You hit the ogre.
 The ogre throws a runed dagger!
 The runed dagger hits the ogre.
 The ogre swings his club.
 The ogre hits!
 The ogre picks up a runed dagger.
 The ogre picks up a dagger.
 The ogre swings her club.
 The ogre hits!
 The gnome just misses!
 You hit the gnome.
 The ogre swings her club.
 The ogre misses!
 The gnome just misses!
 The ogre swings her club.
 The ogre hits!
 What do you want to write with? [- acghxFQTX or ?*] -
 You write in the dust with your fingertip.
 What do you want to write in the dust here? Elbereth
 The ogre swings her club.
 The ogre just misses!
 What do you want to write with? [- acghxFQTX or ?*] -
 Do you want to add to the current engraving? [ynq] (y) y
 You add to the writing in the dust with your fingertip.
 What do you want to add to the writing in the dust here? Elbereth
 The gnome hits!
 The ogre swings her club.
 The ogre hits!
 You die...
 Do you want your possessions identified? [ynq] (y) y
 Do you want to see your attributes? [ynq] (y) y
 Do you want an account of creatures vanquished? [ynaq] (y) y
 Do you want to see your conduct and achievements? [ynq] (y) y
 Do you want to see the dungeon overview? [ynq] (y) y

Inventory:
 Coins    ('$')
  $ - 491 gold pieces
 Amulets  ('"')
  W - an uncursed amulet of ESP (being worn)
 Weapons  (')')
  a - a +2 bullwhip
 Armor    ('[')
  B - an uncursed +0 dwarvish iron helm (being worn)
  L - an uncursed +0 pair of leather gloves (being worn)
  C - an uncursed +0 pair of iron shoes (being worn)
  M - an uncursed +0 small shield (being worn)
  r - an uncursed +0 dwarvish cloak (being worn)
  z - a blessed +3 dwarvish mithril-coat (being worn)
 Comestibles  ('%')
  U - an uncursed banana
  f - an uncursed carrot
  d - 12 uncursed food rations
  I - an uncursed partly eaten food ration
  N - 2 uncursed melons
  b - an uncursed orange
  t - 2 uncursed tripe rations
 Scrolls  ('?')
  Z - an uncursed scroll of blank paper
  R - an uncursed scroll of enchant armor
  Y - an uncursed scroll of enchant weapon
  S - an uncursed scroll of remove curse
 Potions  ('!')
  y - a cursed potion of extra healing
  P - an uncursed potion of gain ability
  V - an uncursed potion of monster detection
  u - an uncursed potion of object detection
  D - an uncursed potion of oil
 Rings    ('=')
  T - an uncursed ring of poison resistance
  Q - an uncursed ring of stealth
  X - an uncursed ring of teleportation
 Wands    ('/')
  x - a wand of digging (0:6)
 Tools    ('(')
  i - an empty uncursed oilskin sack
  w - an uncursed magic whistle
  l - an uncursed oil lamp (lit)
  q - an uncursed oil lamp
  e - a +0 pick-axe (weapon in right hand)
  k - an uncursed skeleton key
  j - 3 blessed tallow candles
  J - an uncursed tallow candle
  m - a tinning kit (0:73)
 Gems/Stones  ('*')
  c - an uncursed garnet stone
  F - 2 uncursed jade stones
  h - an uncursed worthless piece of green glass
  g - an uncursed touchstone

ARFwashere the Archeologist's attributes:

Background:
 You were an Investigator, a level 7 male human Archeologist.
 You were neutral, on a mission for Camaxtli
 who was opposed by Quetzalcoatl (lawful) and Huhetotl (chaotic).
 You were right-handed.
 You were in the Gnomish Mines, on level 7.
 You entered the dungeon 5839 turns ago.
 There was a new moon in effect when your adventure ended.
 You had 832 experience points, 448 more were needed to attain level 8.

Basics:
 You had 0 out of 48 hit points.
 You had all 35 energy points (spell power).
 Your armor class was -5.
 Your wallet contained 491 zorkmids.
 Autopickup was on for '$' plus thrown.

Final Characteristics:
 Your strength was 12 (limit:18/100).
 Your dexterity was 10 (limit:18).
 Your constitution was 15 (limit:18).
 Your intelligence was 16 (limit:18).
 Your wisdom was 14 (limit:18).
 Your charisma was 13 (limit:18).

Final Status:
 You weren't hungry.
 You were burdened; movement was slightly slowed.
 You were wielding a pick-axe.
 You had expert skill with pick-axe.

Final Attributes:
 You were piously aligned.
 Your items were somewhat protected from fire.
 Your items were somewhat protected from cold.
 You were telepathic.
 You had automatic searching.
 You were stealthy.
 You were guarded.
 You were lucky.
 You are dead.

Miscellaneous:
 You didn't encounter any bones levels.
 Total elapsed playing time was 53 minutes and 31 seconds.

Major events:
 Turn
    1: ARFwashere the neutral male human Archeologist entered the dungeon
  622: entered the Gnomish Mines
  791: attained the rank of Field Worker (level 3)
 1805: reached Mine Town
 3616: attained the rank of Investigator (level 6)
 5839: killed by an ogre

You didn't know any spells.

Skills:
 Fighting Skills
   bare handed combat [Unskilled]
   two weapon combat  [Unskilled]
   riding             [Unskilled]
 Weapon Skills
   dagger             [Unskilled]
   knife              [Unskilled]
   pick-axe           [Expert]
   short sword        [Unskilled]
   saber              [Unskilled]
   club               [Unskilled]
   quarterstaff       [Unskilled]
   sling              [Unskilled]
   dart               [Unskilled]
   boomerang          [Unskilled]
   whip               [Basic]
   unicorn horn       [Unskilled]
 Spellcasting Skills
   attack spells      [Unskilled]
   healing spells     [Unskilled]
   divination spells  [Unskilled]
   matter spells      [Unskilled]

Voluntary challenges:
 Character rerolling was not enabled.
 You never genocided any monsters.
 You never polymorphed an object.
 You never changed form.
 You used no wishes.
Achievements:
 You entered the Gnomish Mines.
 You attained the rank of Field Worker.
 You entered Minetown.
 You entered a shop.
 You entered a temple.
 You attained the rank of Investigator.

 The Dungeons of Doom: levels 1 to 2
    Level 1:
       A fountain.
    Level 2:
       Stairs down to The Gnomish Mines.
 The Gnomish Mines: levels 3 to 7
    Level 3:
    Level 4:
    Level 5:
       Many shops, a temple and an altar to Camaxtli, many fountains.
    Level 6:
    Level 7: <- You were here.
       Final resting place for
          you, killed by an ogre.


Vanquished creatures:
  a small mimic
  a large dog
  2 watchmen
  a giant beetle
  a mumak
  2 orc mummies
  2 dogs
  a raven
  2 apes
  2 imps
  2 wood nymphs
  a rock piercer
  a fog cloud
  2 shriekers
  a violet fungus
  9 gnome leaders
  3 gnomish wizards
  2 elf zombies
  a ghoul
  a paper golem
  2 little dogs
  a floating eye
 13 dwarves
  6 hill orcs
  5 rothes
  a giant bat
 an orc zombie
  3 iguanas
  2 acid blobs
  a coyote
  5 hobbits
  a hobgoblin
 10 giant rats
  a yellow mold
 46 gnomes
  2 gnome zombies
  2 geckos
  3 jackals
  2 foxes
  4 goblins
  2 sewer rats
  3 grid bugs
  3 lichens
  6 kobold zombies
  7 newts
170 creatures vanquished.

No species were genocided or became extinct.

Game over:
                       ----------
                      /          \
                     /    REST    \
                    /      IN      \
                   /     PEACE      \
                  /                  \
                  |    ARFwashere    |
                  |      491 Au      |
                  |   killed by an   |
                  |       ogre       |
                  |                  |
                  |                  |
                  |       2026       |
                 *|     *  *  *      | *
        _________)/\\_//(\/(/\)/\//\/|_)_______

Goodbye ARFwashere the Archeologist...

You died in The Gnomish Mines on dungeon level 7 with 4100 points,
and 491 pieces of gold, after 5839 moves.
You were level 7 with a maximum of 48 hit points when you died.

